 Dungeon Crawl Stone Soup version 0.30-a0-691-g754fce4c43 (webtiles) character file.

Game seed: 1307857702795423520

9599 Newt the Cruncher (level 11, -12/81 HPs)
             Began as a Demonspawn Gladiator on Jan 19, 2023.
             Was a Priest of Makhleb.
             Mangled by a harpy simulacrum (17 damage)
             ... in an ice cave.
             The game lasted 00:13:19 (12777 turns).

Newt the Cruncher (Demonspawn Gladiator)           Turns: 12777, Time: 00:13:20

Health: -12/81     AC: 13    Str: 19    XL:     11   Next: 25%
Magic:  11/11      EV: 14    Int:  9    God:    Makhleb [***...]
Gold:   557        SH:  0    Dex: 15    Spells: 10/10 levels left

rFire   . . .      SeeInvis .    q - +4 lajatang (elec)
rCold   . . .      Faith    .    (shield currently unavailable)
rNeg    . . .      Spirit   .    J - +0 steam dragon scales
rPois   .          Reflect  .    E - +1 hat {Stlth+}
rElec   .          Harm     .    (no cloak)
rCorr   .          Rampage  .    (no gloves)
Will    ++...                    (no boots)
Stlth   +++                      (no amulet)
HPRegen 0.33/turn                u - ring of willpower
MPRegen 0.12/turn                t - +4 ring of protection

@: no status effects
A: claws 1, demonic guardian 2, sharp scales 2, strong-willed 1, mutation
resistance 1
a: Renounce Religion, Minor Destruction, Lesser Servant of Makhleb


You were in an ice cave.
You worshipped Makhleb.
Makhleb was most pleased with you.
You visited 2 branches of the dungeon, and saw 12 of its levels.
You also visited: Sewer and Ice Cave.

You collected 557 gold pieces.

Inventory:

Hand Weapons
 a - a +0 rapier
 g - a +1 dagger of draining
 q - a +4 lajatang of electrocution (weapon)
 r - a +2 short sword of venom
 s - a +1 hand axe of distortion
Missiles
 f - 5 boomerangs (quivered)
 F - a throwing net
 H - 2 curare-tipped darts
 K - a javelin
Armour
 b - a +0 leather armour
 c - a +0 helmet
 l - a +0 pair of gloves
 p - a +0 kite shield
 D - a +2 hat
 E - a +1 hat of stealth (worn)
 J - +0 steam dragon scales (worn)
 L - +0 acid dragon scales
Jewellery
 i - a ring of wizardry
 t - a +4 ring of protection (right claw)
 u - a ring of willpower (left claw)
Wands
 y - a wand of roots (7)
 G - a wand of polymorph (3)
 I - a wand of flame (3)
Scrolls
 h - a scroll of noise
 m - 2 scrolls of teleportation
 B - a scroll of identify
Potions
 d - a potion of magic
 e - 2 potions of mutation
 j - 3 potions of degeneration
 k - 2 potions of attraction
 n - 3 potions of curing
 o - a potion of haste
 v - 2 potions of brilliance
 w - 2 potions of flight
 x - 2 potions of might
 z - a potion of invisibility {unknown}
 A - a potion of cancellation {unknown}


   Skills:
 - Level 6.0 Fighting
 - Level 2.6 Short Blades
 + Level 11.3 Staves
 - Level 5.0 Throwing
 - Level 7.0 Armour
 - Level 6.0 Dodging
 - Level 3.0 Stealth


You had 10 spell levels left.
You didn't know any spells.
Your spell library contained the following spells:

 Spells                   Type           Power      Damage    Failure   Level
 Static Discharge         Conj/Air       0%         2-2/arc   52%         2
 Vhi's Electric Charge    Tloc/Air       0%         N/A       77%         3
 Alistair's Intoxication  Tmut/Pois      0%         N/A       100%        5
 Arcjolt                  Conj/Air       0%         1d10      100%        5
 Borgnjor's Vile Clutch   Necr/Erth      0%         N/A       100%        5
 Lightning Bolt           Conj/Air       0%         1d11      100%        5
 Eringya's Noxious Bog    Tmut/Pois      0%         N/A       100%        6


Dungeon Overview and Level Annotations

Branches:
Dungeon (11/15)            Temple (1/1) D:7           Sewer (visited)
  IceCv (1/1)
   Lair: D:8-11         Orc: D:9-12

Altars:
Ashenzari
Cheibriados
Dithmenos
Fedhas
Gozag
Hepliaklqana
Kikubaaqudgha
Makhleb
Nemelex Xobeh
Okawaru
Qazlal
Ru
Sif Muna
Trog
Uskayaw
Vehumet
Wu Jian
Xom
Yredelemnul


Innate Abilities, Weirdness & Mutations

You have sharp fingernails.
A demonic guardian rushes to your aid.
You are mostly covered in razor-sharp scales. (AC +2, Slay +2)
You are strong-willed. (Will+)
You are somewhat resistant to further mutation.


Message History

* * * LOW HITPOINT WARNING * * *
You are too injured to fight recklessly!
You are too injured to fight recklessly!
You slash the death yak simulacrum!
The death yak simulacrum is almost destroyed.
The death yak simulacrum gores you but does no damage.
You slice the death yak simulacrum!!
The death yak simulacrum vaporises!
Makhleb accepts your kill.
A harpy simulacrum comes into view.
The ufetubus closely misses you.
The ufetubus hits you but does no damage.
The ufetubus barely misses you.
The ufetubus hits you but does no damage.
You barely miss the ufetubus. The ufetubus barely misses you. x2
An elephant simulacrum comes into view.
The harpy simulacrum misses you.
The harpy simulacrum claws you but does no damage.
You slash the ufetubus!
You kill the ufetubus!
Makhleb accepts your kill.
You feel better. The harpy simulacrum misses you.
The harpy simulacrum claws you.
* * * LOW HITPOINT WARNING * * *
The harpy simulacrum freezes you!
* * * LOW HITPOINT WARNING * * *
A demonic guardian appears!
You feel much better. The harpy simulacrum claws you.
The harpy simulacrum freezes you!
The harpy simulacrum claws you but does no damage.
The harpy simulacrum closely misses you.
The harpy simulacrum claws you but does no damage.
The harpy simulacrum claws you.
* * * LOW HITPOINT WARNING * * *
The harpy simulacrum freezes you!
* * * LOW HITPOINT WARNING * * *
The harpy simulacrum claws you.
* * * LOW HITPOINT WARNING * * *
The harpy simulacrum freezes you!
You die...

#### ##..##
##
##....##..##
#..........#
#.∩@∩....Z..
#.4.Z...##..
##....###
##..## ####


You could see an elephant simulacrum, a harpy simulacrum (ally target) and a
friendly rust devil (summoned).

Vanquished Creatures
  3 two-headed ogres
  Pikel (D:6)
  A manticore (D:11)
  Maggie (D:8)
  4 kobold demonologists (D:9)
  2 trolls
  Sigmund (D:6)
  A shadow (D:7)
  A spriggan (D:7)
  3 steam dragons
  A death yak simulacrum (IceCv)
  A water moccasin (D:5)
  2 acid dragons (D:10)
  2 orc warriors (D:10)
  3 ogres
  An ice beast (D:7)
  2 sky beasts (D:8)
  4 centaurs
  A lemure (D:6)
  A phantom (D:5)
  4 bullfrogs
  A necrophage (D:5)
  3 gnoll sergeants
  7 kobold brigands
  3 scorpions (D:5)
  A cane toad simulacrum (IceCv)
  7 wights
  An elephant simulacrum (IceCv)
  6 killer bees
  5 howler monkeys
  3 hounds
  2 orc priests
  7 orc wizards
  A polar bear simulacrum (IceCv)
  13 gnolls
  8 adders
  4 river rats
  A shadow imp (D:6)
  15 white imps
  An ufetubus (IceCv)
  2 worms
  A dart slug (D:5)
  21 orcs
  5 bats
  6 endoplasms
  12 goblins
  6 hobgoblins
  5 jackals
  3 ball pythons
  3 frilled lizards
  24 kobolds
  9 rats
226 creatures vanquished.

Vanquished Creatures (collateral kills)
  A gnoll (D:6)
  A worm (D:4)
  4 kobolds
6 creatures vanquished.

Grand Total: 232 creatures vanquished

Notes
Turn   | Place    | Note
-------+----------+-------------------------------------------
     0 | D:1      | Newt the Demonspawn Gladiator began the quest for the Orb.
     0 | D:1      | Reached XP level 1. HP: 16/16 MP: 1/1
    92 | D:1      | Reached skill level 1 in Stealth
   141 | D:1      | Gained mutation: You are partially covered in razor-sharp
                  | scales. (AC +1, Slay +1) [demonic ancestry]
   141 | D:1      | Reached XP level 2. HP: 16/22 MP: 2/2
   724 | D:2      | Reached XP level 3. HP: 27/27 MP: 3/3
  1692 | D:3      | Gained mutation: A weak demonic guardian rushes to your
                  | aid. [demonic ancestry]
  1692 | D:3      | Reached XP level 4. HP: 35/35 MP: 4/4
  2484 | D:4      | You fall into a shaft and drop 1 floor!
  2484 | D:5      | Entered Level 5 of the Dungeon
  2486 | D:5      | Noticed an ogre
  2491 | D:5      | Killed an ogre
  2492 | D:5      | Reached skill level 2 in Staves
  2492 | D:5      | Reached XP level 5. HP: 39/42 MP: 5/5
  2639 | D:5      | Reached skill level 3 in Staves
  2639 | D:5      | Reached XP level 6. HP: 48/48 MP: 6/6
  2664 | D:5      | Found a glowing drain.
  2685 | Sewer    | Entered a sewer
  2786 | Sewer    | Reached skill level 4 in Staves
  2956 | D:5      | Noticed a water moccasin
  2959 | D:5      | Killed a water moccasin
  2960 | D:5      | Reached skill level 5 in Staves
  2960 | D:5      | Reached XP level 7. HP: 54/54 MP: 7/7
  3152 | D:5      | Reached skill level 6 in Staves
  3409 | D:6      | Gained mutation: You are clumsy. (Dex -2) [potion of
                  | mutation]
  3410 | D:6      | Lost mutation: You are clumsy. (Dex -2) [potion of
                  | mutation]
  3410 | D:6      | Gained mutation: You are somewhat resistant to further
                  | mutation. [potion of mutation]
  3410 | D:6      | Gained mutation: You are strong-willed. (Will+) [potion of
                  | mutation]
  3430 | D:6      | Noticed a steam dragon
  3439 | D:6      | Killed a steam dragon
  3440 | D:6      | Reached skill level 7 in Staves
  3440 | D:6      | Reached skill level 1 in Armour
  3440 | D:6      | Gained mutation: You have sharp fingernails. [demonic
                  | ancestry]
  3440 | D:6      | Reached XP level 8. HP: 23/60 MP: 8/8
  3739 | D:6      | Found a blossoming altar of Fedhas.
  4727 | D:6      | Reached skill level 5 in Fighting
  4801 | D:6      | Noticed Sigmund
  4812 | D:6      | Killed Sigmund
  5235 | D:6      | Noticed Pikel
  5251 | D:6      | Killed Pikel
  5252 | D:6      | Reached XP level 9. HP: 31/69 MP: 9/9
  5771 | D:7      | Found a staircase to the Ecumenical Temple.
  5785 | D:7      | Reached skill level 5 in Throwing
  5797 | Temple   | Entered the Ecumenical Temple
  5979 | Temple   | Became a worshipper of Makhleb the Destroyer
  6597 | D:7      | Reached skill level 8 in Staves
  6764 | D:7      | Noticed a troll
  6770 | D:7      | Killed a troll
  7129 | D:7      | Reached skill level 9 in Staves
  7825 | D:8      | Noticed Maggie
  7836 | D:8      | Killed Maggie
  7837 | D:8      | Gained mutation: You are mostly covered in razor-sharp
                  | scales. (AC +2, Slay +2) [demonic ancestry]
  7837 | D:8      | Reached XP level 10. HP: 55/76 MP: 10/10
  8046 | D:8      | Found an ancient bone altar of Kikubaaqudgha.
  8183 | D:9      | Reached skill level 10 in Staves
  8201 | D:9      | Reached * piety under Makhleb
  8653 | D:9      | Noticed a soul eater
  8933 | D:9      | Noticed a smoke demon
  8936 | D:9      | Noticed a sun demon
  9129 | D:9      | Noticed an orange demon
  9130 | D:9      | Reached skill level 5 in Dodging
  9311 | D:9      | Noticed a sixfirhy
  9312 | D:9      | Noticed a two-headed ogre
  9567 | D:9      | Killed a two-headed ogre
  9568 | D:9      | Reached skill level 5 in Armour
  9575 | D:9      | Reached ** piety under Makhleb
  9885 | D:10     | Entered Level 10 of the Dungeon
 11768 | D:10     | Gained mutation: A demonic guardian rushes to your aid.
                  | [demonic ancestry]
 11768 | D:10     | Reached XP level 11. HP: 78/81 MP: 11/11
 11883 | D:10     | Noticed a two-headed ogre
 11889 | D:10     | Killed a two-headed ogre
 12200 | D:11     | Noticed a two-headed ogre
 12536 | D:10     | Killed a two-headed ogre
 12537 | D:10     | Reached skill level 11 in Staves
 12736 | D:11     | Found a frozen archway.
 12761 | IceCv    | Entered an ice cave
 12771 | IceCv    | Reached *** piety under Makhleb
 12777 | IceCv    | Mangled by a harpy simulacrum

Illustrated notes

Levels and vault maps discovered:
D:1:      ebering_trefoil_3fold, layout_basic
D:2:      layout_loops_cross, amcnicky_mini_corridor_feature
D:3:      layout_loops_cross
D:4:      layout_loops_ring
D:5:      layout_loops_ring, cheibrodos_sewer_entry_sluice
D:6:      layout_loops_cross, fedhas_altar_fruit_tree, uniq_pikel, uniq_sigmund
D:7:      layout_gridville, minmay_temple_entry_statues_pillars,
          minmay_misc_feat_square, the_hattery
D:8:      layout_loops_ring, mainiacjoe_overflow_brackets, uniq_maggie
D:9:      layout_irregular_city
D:10:     minmay_angry_zag, layout_irregular_city,
          chequers_serial_rivers_large_a
D:11:     layout_cave_pools, david_lair_shrubbed, portal_ice_cave_entry_imps,
          nicolae_uskayaw_dance_hall
Temple:   nicolae_temple_slightly_damp_pantheon
IceCv:    ice_cave_small_necro

Skill      XL: |  1  2  3  4  5  6  7  8  9 10 11 |
---------------+----------------------------------+-----
Stealth        | 1 2 3 |  3.0
Fighting       | 3 4 6 |  6.0
Staves         | 2 3 5 7 9 10 11 | 11.3
Armour         | 1 4 7 |  7.0
Throwing       | 4 5 |  5.0
Dodging        | 6 |  6.0
Short Blades   | |  2.6

Action                   |  1- 3 |  4- 6 |  7- 9 | 10-12 || total
-------------------------+-------+-------+-------+-------++-------
Melee: Rapier            |    28 |       |       |       ||    28
       Dagger            |    78 |    15 |       |       ||    93
       Punch             |     1 |       |       |       ||     1
       Lajatang          |       |    89 |   207 |   228 ||   524
       Short sword       |       |    11 |       |       ||    11
Throw: Throwing net      |       |     1 |     4 |     3 ||     8
       Javelin           |       |       |     1 |     1 ||     2
Evoke: Wand              |       |       |       |    13 ||    13
  Use: Scroll            |     3 |     8 |     6 |     6 ||    23
       Potion            |       |       |     3 |     5 ||     8
 Stab: Sleeping          |     2 |     2 |     4 |     2 ||    10
       Distracted        |       |       |     1 |     1 ||     2
Armor: Leather armour    |    25 |    43 |    90 |       ||   158
       Steam dragon scal |       |       |       |   123 ||   123
Dodge: Dodged            |    62 |    56 |   143 |   251 ||   512

Table legend: (Time is in decaauts)
 A = Elapsed time spent in this place.
 B = Non-inter-level travel time spent in this place.
 C = Inter-level travel time spent in this place.
 D = Time resting spent in this place.
 E = Time spent auto-exploring this place.
 F = Levels seen in this place.
 G = Mean time per level.
                   A        B        C        D        E       F      G
               +--------+--------+--------+--------+--------+-----+--------+
         Total |  12822 |  12574 |    248 |   4540 |   6306 |  14 |  915.9 |
       Dungeon |  12355 |  12141 |    214 |   4540 |   5991 |  11 | 1123.2 |
        Temple |    201 |    168 |     33 |      0 |    147 |   1 |  201.0 |
         Sewer |    250 |    250 |      0 |      0 |    167 |   1 |  250.0 |
      Ice Cave |     14 |     14 |      0 |      0 |      0 |   1 |   14.0 |
               +--------+--------+--------+--------+--------+-----+--------+

Top non-repeatable levels by time:
    D:10: 2367 daAuts
     D:6: 1877 daAuts
     D:9: 1822 daAuts
     D:7: 1762 daAuts
     D:8: 1282 daAuts
     D:5: 713 daAuts
     D:2: 650 daAuts
     D:3: 620 daAuts
     D:1: 607 daAuts
     D:4: 597 daAuts
   Sewer: 250 daAuts
  Temple: 201 daAuts
    D:11: 54 daAuts
   IceCv: 14 daAuts
